[ PARTIDA AOE2 · #466179704 ]
1v1 RMTeutones vs Spanish
Equipo del jugador · DERR
Equipo rival · VICT
[ ANÁLISIS DE REPETICIÓN · EXTRAÍDO DE LA PARTIDA GRABADA ]
Feudal
10:28
Castillos
21:28
Imperial
—
| APM promedio | 20.6 |
| APM pico | 40 |
| eAPM promedio | 8.8 |
| Aldeanos / militares | 38 / 12 |
Foco
⚔️ 15.3% · 🌾 84.7%
Knight ×4 · Scout Cavalry ×3 · Cavalry Archer ×3 · Spearman ×1 · Battering Ram ×1
Feudal
9:09
Castillos
21:44
Imperial
—
| APM promedio | 37.9 |
| APM pico | 107 |
| eAPM promedio | 18.0 |
| Aldeanos / militares | 59 / 19 |
Foco
⚔️ 14.9% · 🌾 85.1%
Spearman ×7 · Conquistador ×6 · Scout Cavalry ×3 · Knight ×2 · Missionary ×1
Mapa de la partida
Recursos iniciales + cada clic de construcción. Líneas = muros · curvas = relieve. ◆ oro · ⬟ piedra · ● bayas · ✦ reliquia · ◌ hueco del cierre
Tu base· Abierta — flanco sin cerrar
Base de Jaxord· Abierta — flanco sin cerrar
Terreno inicial suavizado · ◌ = hueco del cierre detectado · pasá el cursor para detalles
Inputs por minuto
— Seblefou - - Jaxord
Build order — Seblefou
99 acciones detectadas en el replay
| 0:04 | Construir | House |
| 0:06 | Construir | House |
| 0:07 | Crear | Villager (Male) |
| 0:07 | Crear | Villager (Male) |
| 0:08 | Crear | Villager (Male) |
| 0:08 | Crear | Villager (Male) |
| 1:42 | Crear | Villager (Male) |
| 2:14 | Crear | Villager (Male) |
| 2:31 | Crear | Villager (Male) |
| 3:23 | Crear | Villager (Male) |
| 3:23 | Crear | Villager (Male) |
| 3:33 | Construir | Lumber Camp |
| 3:45 | Crear | Villager (Male) |
| 3:54 | Construir | House |
| 4:15 | Crear | Villager (Male) |
| 4:26 | Construir | Mill |
| 4:29 | Crear | Villager (Male) |
| 4:55 | Investigar | Loom |
| 5:15 | Crear | Villager (Male) |
| 5:45 | Crear | Villager (Male) |
| 5:46 | Crear | Villager (Male) |
| 6:06 | Crear | Villager (Male) |
| 7:40 | Construir | House |
| 8:03 | Crear | Villager (Male) |
| 8:18 | Investigar | Feudal Age |
| 9:38 | Construir | House |
| 9:49 | Construir | House |
| 9:59 | Construir | Palisade Wall |
| 10:02 | Construir | Palisade Wall |
| 10:11 | Construir | Palisade Wall |
| 10:28 | Edad | Edad Feudal |
| 10:35 | Construir | Barracks |
| 10:38 | Crear | Villager (Male) |
| 10:38 | Crear | Villager (Male) |
| 10:39 | Crear | Villager (Male) |
| 11:21 | Construir | Mining Camp |
| 11:28 | Investigar | Double-Bit Axe |
| 11:31 | Investigar | Horse Collar |
| 11:43 | Construir | Stable |
| 11:52 | Crear | Villager (Male) |
| 11:53 | Crear | Villager (Male) |
| 11:53 | Crear | Villager (Male) |
| 11:53 | Crear | Villager (Male) |
| 12:13 | Construir | Farm |
| 12:14 | Construir | Farm |
| 12:14 | Construir | Farm |
| 12:14 | Construir | Farm |
| 12:33 | Construir | Blacksmith |
| 12:35 | Crear | Scout Cavalry |
| 12:35 | Crear | Scout Cavalry |
| 13:28 | Crear | Scout Cavalry |
| 13:42 | Construir | Farm |
| 14:29 | Construir | Farm |
| 14:30 | Construir | Farm |
| 14:31 | Construir | Farm |
| 14:33 | Construir | Farm |
| 14:35 | Construir | Farm |
| 17:26 | Construir | Market |
| 17:31 | Investigar | Bloodlines |
| 17:43 | Crear | Spearman |
| 18:48 | Investigar | Castle Age |
| 19:29 | Investigar | Gold Mining |
| 20:30 | Construir | Archery Range |
| 21:17 | Construir | Farm |
| 21:24 | Construir | Farm |
| 21:28 | Edad | Edad de los Castillos |
| 21:35 | Construir | Town Center |
| 21:54 | Construir | Town Center |
| 22:00 | Investigar | Wheelbarrow |
| 22:00 | Crear | Villager (Male) |
| 22:00 | Crear | Villager (Male) |
| 22:01 | Crear | Villager (Male) |
| 22:03 | Crear | Knight |
| 22:04 | Crear | Knight |
| 22:16 | Investigar | Town Watch |
| 22:17 | Crear | Villager (Male) |
| 22:17 | Crear | Villager (Male) |
| 22:36 | Crear | Cavalry Archer |
| 22:36 | Crear | Cavalry Archer |
| 22:42 | Crear | Knight |
| 22:50 | Crear | Villager (Male) |
| 22:50 | Crear | Villager (Male) |
| 23:09 | Crear | Villager (Male) |
| 23:42 | Construir | Siege Workshop |
| 23:45 | Crear | Villager (Male) |
| 23:46 | Crear | Villager (Male) |
| 23:46 | Crear | Villager (Male) |
| 23:46 | Crear | Villager (Male) |
| 23:55 | Construir | Farm |
| 23:59 | Crear | Knight |
| 24:02 | Crear | Cavalry Archer |
| 24:30 | Construir | Farm |
| 24:33 | Investigar | Heavy Plow |
| 24:41 | Crear | Battering Ram |
| 24:46 | Crear | Villager (Male) |
| 24:46 | Crear | Villager (Male) |
| 25:20 | Construir | House |
| 25:20 | Construir | House |
| 25:21 | Construir | House |
Build order — Jaxord
150 acciones detectadas en el replay
| 0:00 | Crear | Villager (Male) |
| 0:00 | Crear | Villager (Male) |
| 0:01 | Crear | Villager (Male) |
| 0:02 | Construir | House |
| 0:05 | Construir | House |
| 0:07 | Crear | Villager (Male) |
| 1:34 | Crear | Villager (Male) |
| 2:14 | Crear | Villager (Male) |
| 2:15 | Crear | Villager (Male) |
| 2:47 | Crear | Villager (Male) |
| 2:47 | Crear | Villager (Male) |
| 3:16 | Construir | Lumber Camp |
| 3:20 | Crear | Villager (Male) |
| 3:36 | Construir | House |
| 4:11 | Crear | Villager (Male) |
| 4:46 | Crear | Villager (Male) |
| 5:02 | Crear | Villager (Male) |
| 5:19 | Crear | Villager (Male) |
| 5:19 | Crear | Villager (Male) |
| 6:00 | Construir | Mill |
| 6:01 | Crear | Villager (Male) |
| 6:02 | Crear | Villager (Male) |
| 6:10 | Crear | Villager (Male) |
| 6:26 | Crear | Villager (Male) |
| 6:32 | Investigar | Loom |
| 6:59 | Investigar | Feudal Age |
| 7:27 | Construir | House |
| 7:39 | Crear | Villager (Male) |
| 7:39 | Crear | Villager (Male) |
| 8:09 | Crear | Villager (Male) |
| 8:19 | Construir | Mining Camp |
| 9:01 | Construir | Barracks |
| 9:09 | Edad | Edad Feudal |
| 9:15 | Investigar | Double-Bit Axe |
| 9:22 | Crear | Villager (Male) |
| 9:47 | Construir | Palisade Wall |
| 9:52 | Construir | Palisade Wall |
| 9:58 | Construir | Palisade Wall |
| 10:02 | Crear | Villager (Male) |
| 10:03 | Crear | Spearman |
| 10:03 | Crear | Spearman |
| 10:12 | Construir | Blacksmith |
| 10:50 | Construir | Mining Camp |
| 10:54 | Construir | House |
| 11:01 | Crear | Villager (Male) |
| 11:14 | Construir | House |
| 11:19 | Construir | Farm |
| 11:21 | Crear | Villager (Male) |
| 11:29 | Construir | House |
| 11:31 | Construir | House |
| 11:41 | Construir | House |
| 11:42 | Construir | House |
| 11:47 | Construir | Farm |
| 11:55 | Construir | Farm |
| 12:02 | Crear | Villager (Male) |
| 12:03 | Crear | Villager (Male) |
| 12:40 | Construir | Stable |
| 12:49 | Crear | Villager (Male) |
| 12:49 | Crear | Villager (Male) |
| 12:53 | Construir | Farm |
| 12:55 | Construir | Farm |
| 13:22 | Construir | House |
| 13:33 | Construir | Farm |
| 13:36 | Crear | Scout Cavalry |
| 13:36 | Crear | Scout Cavalry |
| 13:42 | Construir | Farm |
| 13:50 | Crear | Villager (Male) |
| 13:50 | Crear | Villager (Male) |
| 14:12 | Crear | Scout Cavalry |
| 14:14 | Crear | Villager (Male) |
| 14:17 | Construir | Farm |
| 14:27 | Construir | Farm |
| 14:31 | Construir | Farm |
| 14:36 | Construir | Farm |
| 14:38 | Crear | Villager (Male) |
| 14:45 | Construir | House |
| 14:55 | Crear | Villager (Male) |
| 14:59 | Construir | House |
| 15:07 | Construir | Farm |
| 15:13 | Crear | Spearman |
| 15:13 | Crear | Spearman |
| 15:43 | Construir | Farm |
| 15:46 | Construir | Farm |
| 15:50 | Construir | House |
| 16:12 | Crear | Villager (Male) |
| 16:49 | Construir | Farm |
| 16:55 | Crear | Villager (Male) |
| 17:00 | Crear | Villager (Male) |
| 17:14 | Construir | Farm |
| 17:17 | Construir | Farm |
| 17:17 | Construir | Farm |
| 17:18 | Construir | Farm |
| 17:30 | Crear | Villager (Male) |
| 17:45 | Crear | Villager (Male) |
| 18:18 | Construir | Farm |
| 18:20 | Construir | Farm |
| 18:24 | Crear | Villager (Male) |
| 18:50 | Crear | Villager (Male) |
| 18:52 | Construir | Farm |
| 19:04 | Investigar | Castle Age |
| 19:20 | Construir | Farm |
| 19:28 | Crear | Villager (Male) |
| 19:28 | Crear | Villager (Male) |
| 19:38 | Construir | Farm |
| 19:43 | Construir | Farm |
| 19:54 | Investigar | Stone Mining |
| 20:02 | Construir | Market |
| 20:33 | Investigar | Wheelbarrow |
| 20:33 | Crear | Villager (Male) |
| 20:33 | Crear | Villager (Male) |
| 21:13 | Crear | Villager (Male) |
| 21:19 | Crear | Villager (Male) |
| 21:29 | Crear | Villager (Male) |
| 21:33 | Investigar | Bloodlines |
| 21:38 | Crear | Spearman |
| 21:38 | Crear | Spearman |
| 21:38 | Crear | Spearman |
| 21:42 | Crear | Villager (Male) |
| 21:44 | Edad | Edad de los Castillos |
| 21:51 | Investigar | Scale Barding Armor |
| 21:51 | Investigar | Scale Mail Armor |
| 22:10 | Construir | Castle |
| 22:25 | Construir | Castle |
| 23:04 | Crear | Villager (Male) |
| 23:09 | Investigar | Hand Cart |
| 23:11 | Investigar | Horse Collar |
| 23:13 | Investigar | Bow Saw |
| 23:21 | Construir | Lumber Camp |
| 23:22 | Crear | Conquistador |
| 23:22 | Crear | Conquistador |
| 23:22 | Crear | Conquistador |
| 23:22 | Crear | Conquistador |
| 23:41 | Crear | Villager (Male) |
| 23:47 | Crear | Conquistador |
| 24:04 | Crear | Villager (Male) |
| 24:08 | Crear | Knight |
| 24:15 | Crear | Conquistador |
| 24:32 | Construir | Monastery |
| 24:37 | Crear | Villager (Male) |
| 24:56 | Crear | Villager (Male) |
| 24:57 | Crear | Villager (Male) |
| 25:06 | Investigar | Forging |
| 25:10 | Crear | Knight |
| 25:32 | Crear | Villager (Male) |
| 25:37 | Crear | Missionary |
| 25:44 | Construir | Farm |
| 25:47 | Construir | Farm |
| 25:48 | Crear | Villager (Male) |
| 25:58 | Crear | Villager (Male) |
| 26:02 | Investigar | Pikeman (upgrade) |
Cronología de la partida
| 9:01 | Jaxord · first_building Barracks |
| 9:09 | Jaxord · age_up feudal |
| 9:47 | Jaxord · wall_segment Palisade Wall x8 |
| 9:52 | Jaxord · wall_segment Palisade Wall x10 |
| 9:58 | Jaxord · wall_segment Palisade Wall x4 |
| 9:59 | Seblefou · wall_segment Palisade Wall x1 |
| 10:02 | Seblefou · wall_segment Palisade Wall x1 |
| 10:11 | Seblefou · wall_segment Palisade Wall x1 |
| 10:28 | Seblefou · age_up feudal |
| 10:35 | Seblefou · first_building Barracks |
| 11:43 | Seblefou · first_building Stable |
| 12:40 | Jaxord · first_building Stable |
| 20:30 | Seblefou · first_building Archery Range |
| 21:28 | Seblefou · age_up castle |
| 21:44 | Jaxord · age_up castle |
| 22:10 | Jaxord · first_building Castle |
| 23:42 | Seblefou · first_building Siege Workshop |
| 24:25 | Jaxord · first_market_sell 100 wood |
| 24:32 | Jaxord · first_building Monastery |
| 26:53 | Seblefou · resign |
[ ANÁLISIS IA · 1 CRÉDITO ]
¿Qué pasó realmente en esta partida?
Wolo.gg analiza cada decisión: build order, eco, micro, errores típicos por bracket. Análisis personalizado por WhatsApp o Discord en 30 segundos.
Guía civ
Teutones
Guía mapa
Ring Fortress
Perfil
Seblefou